 Dungeon Crawl Stone Soup version 0.26.0-10-g1f06aea511 (webtiles) character file.

Game seed: 6075578750947293937

707 Dracia the Covert (level 7, -2/60 HPs)
             Began as a Gnoll Delver on Jan 14, 2021.
             Slain by an ogre
             ... wielding a +0 giant club
              (6 damage)
             ... on level 4 of the Dungeon.
             The game lasted 00:02:08 (1572 turns).

Dracia the Covert (Gnoll Delver)                    Turns: 1572, Time: 00:02:08

Health: -2/60      AC:  3    Str: 16    XL:     7   Next: 67%
Magic:  10/10      EV: 15    Int: 13    God:
Gold:   42         SH:  0    Dex: 16    Spells: 11/11 levels left

rFire    . . .     SeeInvis .   o - +7 great mace "Undeadhunter" {disrupt, rN+}
rCold    . . .     Faith    .   (shield currently unavailable)
rNeg     + . .     Spirit   .   b - +0 leather armour
rPois    .         Reflect  .   (no helmet)
rElec    .         Harm     .   (no cloak)
rCorr    .         Rampage  .   (no gloves)
Will     .....                  (no boots)
Stlth    ++++......             (no amulet)
HPRegen  0.20/turn              (no ring)
MPRegen  0.12/turn              (no ring)

@: lethally poisoned (-2 -> -6)
A: distributed training, fangs 1, strong nose
a: no special abilities


You were on level 4 of the Dungeon.
You visited 2 branches of the dungeon, and saw 4 of its levels.

You collected 42 gold pieces.


Innate Abilities, Weirdness & Mutations

Your experience applies equally to all skills.
You have very sharp teeth.
Your uncanny sense of smell can sniff out nearby items.


   Skills:
 + Level 7.1 Fighting
 + Level 2.6 Short Blades
 + Level 5.3 Long Blades
 + Level 2.6 Axes
 + Level 2.6 Maces & Flails
 + Level 2.6 Polearms
 + Level 2.6 Staves
 + Level 2.6 Slings
 + Level 2.6 Bows
 + Level 2.6 Crossbows
 + Level 2.6 Throwing
 + Level 2.6 Armour
 + Level 5.3 Dodging
 + Level 9.9 Stealth
 + Level 2.6 Shields
 + Level 2.6 Unarmed Combat
 + Level 2.6 Spellcasting
 + Level 2.1 Conjurations
 + Level 2.1 Hexes
 + Level 2.1 Summonings
 + Level 2.1 Necromancy
 + Level 2.1 Translocations
 + Level 2.1 Transmutations
 + Level 2.1 Fire Magic
 + Level 2.1 Ice Magic
 + Level 2.1 Air Magic
 + Level 2.1 Earth Magic
 + Level 2.1 Poison Magic
 + Level 2.9 Invocations
 + Level 2.6 Evocations


You had 11 spell levels left.
You didn't know any spells.
Your spell library was empty.

Inventory:

Hand Weapons
 a - a +0 falchion
 o - the +7 great mace "Undeadhunter" (weapon) {disrupt, rN+}
   (You found it on level 4 of the Dungeon)

   It protects you from negative energy.
Armour
 b - a +0 leather armour (worn)
 k - a +0 kite shield
Magical Staves
 q - an uncursed staff of poison {!a!a, unknown}
Wands
 g - a wand of digging (9)
 l - a wand of polymorph (13)
Scrolls
 c - a scroll of fog
 d - 2 scrolls of magic mapping
 e - a scroll of fear
 h - 2 scrolls of remove curse {unknown}
 j - a scroll of immolation {unknown}
 p - a scroll of identify {unknown}
Potions
 f - 2 potions of haste {@q3@q3}
 i - a potion of magic {unknown}
 m - a potion of heal wounds {unknown}
 n - a potion of curing {unknown}
 r - a potion of might {unknown}

Dungeon Overview and Level Annotations

Branches:
Dungeon (5/15)             Temple (1/1) D:4

Altars:
Cheibriados
Dithmenos
Elyvilon
Fedhas
Makhleb
Nemelex Xobeh
Ru
Trog
The Shining One

∆ ... .#
#.)#.# #..#.#
#..#.# #$#.
#..######.####
#....S@O......
#...#####.####
#.#.# #.#.#
#.#.# #.#.#
#.#.. #.#..
#.#..


You could see an ogre and an adder.


Message History

The adder poisons you!
You bludgeon the adder!!
You kill the adder!
You feel sick.
Unknown command.
You hit the ogre.
The ogre is lightly wounded.
You feel sick.
The ogre hits you with a +0 giant club!!
* * * LOW HITPOINT WARNING * * *
An adder comes into view.
The adder hisses angrily.
You barely miss the ogre.
The ogre is lightly wounded.
You feel sick. The ogre completely misses you. The ogre barely misses you.
Unknown command.
You barely miss the ogre.
The ogre is lightly wounded.
The ogre closely misses you. The adder closely misses you.
You barely miss the ogre.
The ogre is lightly wounded.
You feel sick. The adder bites you.
* * * LOW HITPOINT WARNING * * *
The ogre completely misses you. The adder barely misses you.
Unknown command.
You closely miss the adder. The adder bites you.
* * * LOW HITPOINT WARNING * * *
You are lethally poisoned!
The adder poisons you! The ogre hits you with a +0 giant club.
You die...

Skill      XL: |  1  2  3  4  5  6  7 |
---------------+----------------------+-----
Stealth        | |  9.9
Short Blades   | 1 2 |  2.6
Axes           | 1 2 |  2.6
Maces & Flails | 1 2 |  2.6
Polearms       | 1 2 |  2.6
Staves         | 1 2 |  2.6
Slings         | 1 2 |  2.6
Bows           | 1 2 |  2.6
Crossbows      | 1 2 |  2.6
Throwing       | 1 2 |  2.6
Armour         | 1 2 |  2.6
Shields        | 1 2 |  2.6
Unarmed Combat | 1 2 |  2.6
Spellcasting   | 1 2 |  2.6
Invocations    | 1 2 |  2.9
Evocations     | 1 2 |  2.6
Conjurations   | 1 2 |  2.1
Hexes          | 1 2 |  2.1
Summonings     | 1 2 |  2.1
Necromancy     | 1 2 |  2.1
Translocations | 1 2 |  2.1
Transmutations | 1 2 |  2.1
Fire Magic     | 1 2 |  2.1
Ice Magic      | 1 2 |  2.1
Air Magic      | 1 2 |  2.1
Earth Magic    | 1 2 |  2.1
Poison Magic   | 1 2 |  2.1
Long Blades    | 5 |  5.3
Dodging        | 5 |  5.3
Fighting       | 7 |  7.1

Action                   |  1- 3 |  4- 6 |  7- 9 || total
-------------------------+-------+-------+-------++-------
Melee: Falchion          |     6 |    34 |       ||    40
       Bite              |     1 |       |     2 ||     3
       Unarmed           |       |     6 |       ||     6
       Great mace        |       |    13 |    14 ||    27
 Stab: Sleeping          |       |     2 |     1 ||     3
Armor: Leather armour    |     1 |     3 |       ||     4
       Skin              |       |    40 |       ||    40
Dodge: Dodged            |     6 |    13 |    13 ||    32
Block: Kite shield       |     5 |    24 |       ||    29
       Rpst.: Falchion   |     3 |     1 |       ||     4

Levels and vault maps discovered:
D:3:      kennysheep_the_goblin_king, layout_rooms, general_overflow_altar,
          overflow_temple_1_default, marbit_many_paths
D:4:      layout_basic, lemuel_round_altar,
          minmay_temple_entry_drinking_statues, minivault_26,
          okawaru_altar_gauntlet_db, uniq_sigmund, uniq_menkaure, uniq_grinder
D:5:      layout_basic, gammafunk_ghost_necromancy, basic_altar, serial_glass,
          glass_columns_b, glass_columns_a, glass_columns_b, glass_columns_a,
          glass_columns_a, glass_columns_c, glass_columns_a, glass_columns_c,
          glass_columns_c, glass_columns_b, glass_columns_a, glass_columns_c,
          glass_columns_c, glass_columns_b, uniq_crazy_yiuf_cottage, uniq_ijyb,
          uniq_edmund
Temple:   compressed_dpeg_triangle_lava_temple

Notes
Turn   | Place    | Note
-------+----------+-------------------------------------------
     0 | D:5      | Reached skill level 9 in Stealth
     0 | D:5      | Dracia the Gnoll Delver began the quest for the Orb.
     0 | D:5      | Reached XP level 1. HP: 23/23 MP: 1/1
    47 | D:4      | Found a staircase to the Ecumenical Temple.
    76 | D:4      | Noticed a bullfrog
    82 | D:4      | Killed a bullfrog
    83 | D:4      | Reached skill level 1 in Short Blades
    83 | D:4      | Reached skill level 1 in Axes
    83 | D:4      | Reached skill level 1 in Maces & Flails
    83 | D:4      | Reached skill level 1 in Polearms
    83 | D:4      | Reached skill level 1 in Staves
    83 | D:4      | Reached skill level 1 in Slings
    83 | D:4      | Reached skill level 1 in Bows
    83 | D:4      | Reached skill level 1 in Crossbows
    83 | D:4      | Reached skill level 1 in Throwing
    83 | D:4      | Reached skill level 1 in Armour
    83 | D:4      | Reached skill level 1 in Shields
    83 | D:4      | Reached skill level 1 in Unarmed Combat
    83 | D:4      | Reached skill level 1 in Spellcasting
    83 | D:4      | Reached skill level 1 in Invocations
    83 | D:4      | Reached skill level 1 in Evocations
    83 | D:4      | Reached XP level 2. HP: 17/29 MP: 1/3
    83 | D:4      | Reached XP level 3. HP: 21/35 MP: 1/4
    83 | D:4      | Reached XP level 4. HP: 24/41 MP: 1/5
    90 | Temple   | Entered the Ecumenical Temple
   519 | D:3      | Noticed Ijyb
   558 | D:3      | Killed Ijyb
   559 | D:3      | Reached skill level 1 in Conjurations
   559 | D:3      | Reached skill level 1 in Hexes
   559 | D:3      | Reached skill level 1 in Summonings
   559 | D:3      | Reached skill level 1 in Necromancy
   559 | D:3      | Reached skill level 1 in Translocations
   559 | D:3      | Reached skill level 1 in Transmutations
   559 | D:3      | Reached skill level 1 in Fire Magic
   559 | D:3      | Reached skill level 1 in Ice Magic
   559 | D:3      | Reached skill level 1 in Air Magic
   559 | D:3      | Reached skill level 1 in Earth Magic
   559 | D:3      | Reached skill level 1 in Poison Magic
   711 | D:4      | Found the +7 great mace "Undeadhunter" {disrupt, rN+}
   745 | D:4      | Noticed an ogre
   895 | D:4      | Noticed an ogre
   901 | D:4      | Killed an ogre
   902 | D:4      | Reached XP level 5. HP: 17/47 MP: 5/7
  1106 | D:4      | Noticed Sigmund
  1120 | D:4      | Killed Sigmund
  1121 | D:4      | Reached skill level 2 in Short Blades
  1121 | D:4      | Reached skill level 5 in Long Blades
  1121 | D:4      | Reached skill level 2 in Axes
  1121 | D:4      | Reached skill level 2 in Maces & Flails
  1121 | D:4      | Reached skill level 2 in Polearms
  1121 | D:4      | Reached skill level 2 in Staves
  1121 | D:4      | Reached skill level 2 in Slings
  1121 | D:4      | Reached skill level 2 in Bows
  1121 | D:4      | Reached skill level 2 in Crossbows
  1121 | D:4      | Reached skill level 2 in Throwing
  1121 | D:4      | Reached skill level 2 in Armour
  1121 | D:4      | Reached skill level 5 in Dodging
  1121 | D:4      | Reached skill level 2 in Shields
  1121 | D:4      | Reached skill level 2 in Unarmed Combat
  1121 | D:4      | Reached skill level 2 in Spellcasting
  1121 | D:4      | Reached skill level 2 in Invocations
  1121 | D:4      | Reached skill level 2 in Evocations
  1121 | D:4      | Reached XP level 6. HP: 13/53 MP: 7/9
  1363 | D:4      | Noticed Menkaure
  1367 | D:4      | Killed Menkaure
  1368 | D:4      | Reached XP level 7. HP: 35/59 MP: 10/10
  1553 | D:4      | Noticed Grinder
  1558 | D:4      | Killed Grinder
  1559 | D:4      | Reached skill level 7 in Fighting
  1559 | D:4      | Reached skill level 2 in Conjurations
  1559 | D:4      | Reached skill level 2 in Hexes
  1559 | D:4      | Reached skill level 2 in Summonings
  1559 | D:4      | Reached skill level 2 in Necromancy
  1559 | D:4      | Reached skill level 2 in Translocations
  1559 | D:4      | Reached skill level 2 in Transmutations
  1559 | D:4      | Reached skill level 2 in Fire Magic
  1559 | D:4      | Reached skill level 2 in Ice Magic
  1559 | D:4      | Reached skill level 2 in Air Magic
  1559 | D:4      | Reached skill level 2 in Earth Magic
  1559 | D:4      | Reached skill level 2 in Poison Magic
  1572 | D:4      | HP: 4/60 [adder (5)]
  1572 | D:4      | Slain by an ogre

Vanquished Creatures
  Grinder (D:4)
  Sigmund (D:4)
  Menkaure (D:4)
  An ogre (D:4)
  A bullfrog (D:4)
  A howler monkey (D:4)
  Ijyb (D:3)
  An adder (D:4)
  An orc (D:4)
  6 goblins (D:3)
  A ball python (D:4)
  A frilled lizard (D:4)
17 creatures vanquished.

Table legend: (Time is in decaauts)
 A = Elapsed time spent in this place.
 B = Non-inter-level travel time spent in this place.
 C = Inter-level travel time spent in this place.
 D = Time resting spent in this place.
 E = Time spent auto-exploring this place.
 F = Levels seen in this place.
 G = Mean time per level.
                   A        B        C        D        E       F      G
               +--------+--------+--------+--------+--------+-----+--------+
         Total |   1593 |   1536 |     57 |    527 |    831 |   4 |  398.2 |
       Dungeon |   1182 |   1129 |     53 |    527 |    426 |   3 |  394.0 |
        Temple |    410 |    406 |      4 |      0 |    405 |   1 |  410.0 |
               +--------+--------+--------+--------+--------+-----+--------+

Top non-repeatable levels by time:
     D:4: 968 daAuts
  Temple: 410 daAuts
     D:3: 179 daAuts
     D:5: 35 daAuts

Table legend:
 A = Non-vault XP
 B = Vault XP
 C = Vault XP percentage of total XP
 D = Non-vault monster count
 E = Vault monster count
 F = Vault count percentage of total count
                 A         B        C        D         E       F
            +---------+---------+-------+---------+---------+-------
      Total |     281 |     729 |  72.2 |       7 |      10 |  58.8
            +---------+---------+-------+---------+---------+-------
        D:3 |       0 |      49 | 100.0 |       0 |       7 | 100.0
        D:4 |     281 |     680 |  70.8 |       7 |       3 |  30.0
            +---------+---------+-------+---------+---------+-------
